 Dungeon Crawl Stone Soup version 0.32-a0-30-gefbe487952 (webtiles) character file.

Game seed: 4242520693014135458

63 Dirtsage the Changeling (level 4, -3/29 HPs)
             Began as an Octopode Shapeshifter on Jan 19, 2024.
             Killed from afar by an orc wizard (11 damage)
             ... with a puff of flame
             ... on level 3 of the Dungeon.
             The game lasted 00:01:52 (1267 turns).

Dirtsage the Changeling (Octopode Shapeshifter)     Turns: 1267, Time: 00:01:52

Health: -3/29      AC:  1    Str: 13    XL:     4   Next: 9%
Magic:  4/4        EV: 13    Int: 12    God:
Gold:   164        SH:  0    Dex: 13    Spells: 3/3 levels left

rFire   . .          .
                       - Unarmed
rCold   . . .        (no shield)
rNeg    . . .        (helmet currently unavailable)
rPois   .            (no amulet)
rElec   .            (no ring)
rCorr   .            (no ring)
SInv    .            (no ring)
Will    .....        (no ring)
Stlth   ++           (no ring)
HPRegen 0.24/turn    (no ring)
MPRegen 0.09/turn    (no ring)
                     (no ring)

%: no passive effects
@: beast-form
A: beast (slay +2), almost no armour, amphibious, 8 rings, camouflage 1,
gelatinous body 1, (nimble swimmer 1), tentacles
a: Begin Untransformation


You were on level 3 of the Dungeon.
You were a hulking beast.
You visited 1 branch of the dungeon, and saw 3 of its levels.

You collected 164 gold pieces.

Inventory:

Talismans
 b - a beast talisman
 c - a flux talisman
Scrolls
 e - 5 scrolls of identify {unknown}
 g - 3 scrolls of fear {unknown}
 h - a scroll of immolation {unknown}
 i - a scroll of teleportation {unknown}
 j - a scroll of enchant armour {unknown}
Potions
 a - a potion of lignification
 d - a potion of haste {unknown}
 f - a potion of enlightenment {unknown}


   Skills:
 + Level 1.9 Fighting
 + Level 2.5 Dodging
 + Level 3.4 Unarmed Combat
 * Level 3.7 Shapeshifting


You had 3 spell levels left.
You didn't know any spells.
Your spell library was empty.

Dungeon Overview and Level Annotations

Branches:
Dungeon (3/15)

Altars:
Gozag


Innate Abilities, Weirdness & Mutations

You are a hulking beast.
Your limbs bulge with bestial killing power. (Slay +2)
You cannot wear most types of armour.
You are amphibious.
You can wear up to eight rings at the same time.
Your skin changes colour to match your surroundings (Stealth+).
Your rubbery body absorbs attacks. (AC +1, EV +1)
((You are camouflaged when in or above water. (Stealth+)))
You have tentacles for arms and can constrict up to eight enemies at once.


Message History

You have reached level 4!
Health restored: 29; MP restored: 4 You completely miss the orc.
You grab the orc.
You constrict the orc, but do no damage.
You bludgeon the orc!
You kill the orc!
A rat comes into view.
You swing at nothing.
You tentacle-slap the orc. You grab the orc.
The orc is moderately wounded.
You constrict the orc. The orc barely misses you.
You tentacle-slap the orc.
You kill the orc!
You tentacle-slap something but do no damage.
Something barely misses you.
You tentacle-slap something. Something hits you.
You take 2 damage, and have 27/29 hp.
You tentacle-slap something but do no damage.
You squeeze something.
You hear some strange, mumbled words.
A puff of flame appears from out of thin air!
The puff of flame hits you.
You take 5 damage, and have 22/29 hp.
You miss something. The rat bites you. Something hits you.
You take 5 damage, and have 17/29 hp.
You closely miss something. The rat barely misses you. Something hits you.
You take 3 damage, and have 14/29 hp.
You closely miss something. The rat bites you. Something hits you.
You take 2 damage, and have 12/29 hp.
You barely miss something. The rat closely misses you. Something hits you.
You take 2 damage, and have 10/29 hp.
You closely miss something. The rat bites you but does no damage.
A kobold comes into view. It is wielding a +0 whip.
Something hits you.
* * * LOW HITPOINT WARNING * * *
You take 2 damage, and have 8/29 hp.
You hear some strange, mumbled words.
A puff of flame appears from out of thin air!
The puff of flame hits you!
You die...

### #<# #.# #.# #.#
#.# #.# #.#
########### #.#
#..h.....K.
#.#####{#########
##.#.....#r?......
.............>.######
..##...........#
#..#####....#
#..#$$!#....#
#..#!$$#....#
#..#:[$#....#


You could see a kobold (asleep).

Vanquished Creatures
  2 adders (D:2)
  2 dart slugs (D:1)
  A ribbon worm (D:2)
  3 orcs (D:3)
  3 endoplasms
  2 giant cockroaches
  A hobgoblin (D:2)
  7 ball pythons
  4 bats (D:1)
  2 frilled lizards (D:1)
  3 goblins (D:1)
  2 kobolds
  4 rats
36 creatures vanquished.

Notes
Turn   | Place    | Note
-------+----------+-------------------------------------------
     0 | D:1      | Dirtsage the Octopode Shapeshifter began the quest for the
                  | Orb.
     0 | D:1      | Reached XP level 1. HP: 13/13 MP: 1/1
    86 | D:1      | Reached XP level 2. HP: 18/18 MP: 2/2
   658 | D:1      | Found an opulent altar of Gozag.
   834 | D:2      | Reached XP level 3. HP: 22/23 MP: 3/3
  1253 | D:3      | Reached XP level 4. HP: 29/29 MP: 4/4
  1267 | D:3      | Killed from afar by an orc wizard

Illustrated notes

Levels and vault maps discovered:
D:1:      dpeg_arrival_lava_altar, layout_loops_ring
D:2:      layout_basic, minmay_circle_x
D:3:      layout_basic, nicolae_overflow_hidden_temple, due_unseen_surprise,
          uniq_natasha

Action                     |  1- 3 |  4- 6 || total
---------------------------+-------+-------++-------
  Melee: Unarmed           |    57 |    12 ||    69
         Constrict         |    15 |     2 ||    17
         Tentacles         |    11 |     1 ||    12
         Punch             |     1 |       ||     1
   Stab: Sleeping          |     3 |       ||     3
 Armour: Skin              |    17 |    11 ||    28
  Dodge: Dodged            |    32 |     4 ||    36

Table legend: (Time is in decaauts)
 A = Elapsed time spent in this place.
 B = Non-inter-level travel time spent in this place.
 C = Inter-level travel time spent in this place.
 D = Time resting spent in this place.
 E = Time spent auto-exploring this place.
 F = Levels seen in this place.
 G = Mean time per level.
                   A        B        C        D        E       F      G
               +--------+--------+--------+--------+--------+-----+--------+
         Total |   1262 |   1221 |     41 |      0 |    994 |   3 |  420.7 |
       Dungeon |   1262 |   1221 |     41 |      0 |    994 |   3 |  420.7 |
               +--------+--------+--------+--------+--------+-----+--------+

Top non-repeatable levels by time:
     D:1: 683 daAuts
     D:2: 543 daAuts
     D:3: 35 daAuts
